 Dungeon Crawl Stone Soup version 0.30-a0-937-ga0a21ad780 (webtiles) character file.

Game seed: 2980925032418874421

18445 jasper the Grappler (level 12, -12/120 HPs)
             Began as a Troll Cinder Acolyte on Mar 24, 2023.
             Was an Elder of Ignis.
             Mangled by an 11-headed hydra (14 damage)
             ... on level 2 of the Lair of Beasts.
             The game lasted 00:29:37 (11546 turns).

jasper the Grappler (Troll Cinder Acolyte)         Turns: 11546, Time: 00:29:38

Health: -12/120    AC:  9    Str: 25    XL:     12   Next: 27%
Magic:  3/3        EV:  9    Int: 14    God:    Ignis [****..]
Gold:   1552       SH:  7    Dex:  5    Spells: 13/13 levels left

rFire   + . .      SeeInvis +      - Unarmed
rCold   + + .      Faith    .    e - +2 kite shield
rNeg    . . .      Spirit   .    B - +0 steam dragon scales
rPois   .          Reflect  .    (helmet restricted)
rElec   .          Rampage  .    p - +1 cloak of Elelo {rC+ rCorr MP-9 SInv}
rCorr   +                        (gloves unavailable)
Will    .....                    (boots unavailable)
Stlth   +                        (no amulet)
HPRegen 1.20/turn                f - ring of protection from cold
MPRegen 0.08/turn                (no ring)

@: no status effects
A: large, unfitting armour, claws 3, regeneration 1, shaggy fur 1, tough skin 1
a: Renounce Religion, Fiery Armour, Foxfire Swarm, Rising Flame


You were on level 2 of the Lair of Beasts.
You worshipped Ignis.
Ignis was greatly pleased with you.
You visited 2 branches of the dungeon, and saw 13 of its levels.
You also visited: Bailey.

You collected 1580 gold pieces.
You spent 28 gold pieces at shops.

Inventory:

Hand Weapons
 A - a +7 giant spiked club of electrocution
Missiles
 b - 3 throwing nets
 c - 89 stones
 l - 18 poisoned darts
 z - 15 boomerangs (quivered)
 D - a curare-tipped dart
Armour
 a - a +1 robe
 e - a +2 kite shield (worn)
 g - a +2 robe of willpower
 p - the +1 cloak of Elelo (worn) {rC+ rCorr MP-9 SInv}
   (You found it on level 4 of the Dungeon)

   rC:        It protects you from cold.
   MP:        It affects your magic capacity (-9).
   SInv:      It lets you see invisible.
   rCorr:     It protects you from acid and corrosion.
 B - +0 steam dragon scales (worn)
 K - a +2 robe of cold resistance
Jewellery
 f - a ring of protection from cold (left claw)
 y - a ring of wizardry
 G - a ring of willpower
 I - a ring of ice
Wands
 q - a wand of charming (9)
 r - a wand of iceblast (2)
 u - a wand of mindburst (16)
 x - a wand of light (1)
 E - a wand of digging (4)
 F - a wand of flame (4)
Scrolls
 h - 2 scrolls of poison
 j - 2 scrolls of magic mapping
 n - 3 scrolls of teleportation
 s - 5 scrolls of fog
 t - a scroll of amnesia
 v - a scroll of fear
 C - 2 scrolls of identify
 J - a scroll of enchant armour
Potions
 d - 2 potions of mutation
 i - 6 potions of flight
 k - 2 potions of ambrosia
 m - 8 potions of curing
 o - a potion of haste
 w - 5 potions of brilliance
 H - a potion of lignification


   Skills:
 - Level 8.2 Fighting
 + Level 7.8 Throwing
 - Level 7.8 Dodging
 + Level 0.6 Shields
 - Level 13.4 Unarmed Combat
 - Level 1.0 Spellcasting
 - Level 2.1 Fire Magic


You had 13 spell levels left.
You didn't know any spells.
Your spell library contained the following spells:

 Spells                   Type           Power      Damage    Failure   Level
 Scorch                   Fire           12%        2d6       38%         2
 Magic Dart               Conj           0%         1d3       56%         1
 Slow                     Hex            0%         N/A       56%         1
 Call Imp                 Summ           0%         N/A       71%         2
 Ignite Poison            Fire/Tmut/Pois 2%         N/A       83%         3
 Kindle Blastsparks       Fire/Tloc/Air  4%         2d10      83%         3
 Confusing Touch          Hex            0%         N/A       90%         3
 Mephitic Cloud           Conj/Pois/Air  0%         N/A       90%         3
 Vampiric Draining        Necr           0%         2d6       90%         3
 Anguish                  Hex/Necr       0%         N/A       100%        4
 Freezing Cloud           Conj/Ice/Air   0%         6-21      100%        5
 Enfeeble                 Hex            0%         N/A       100%        7


Dungeon Overview and Level Annotations

Branches:
Dungeon (11/15)            Temple (0/1) D:6            Lair (2/5) D:11
 Bailey (visited)
  Swamp: Lair:2-3    Shoals: Lair:2-3     Snake: Lair:2-3    Spider: Lair:2-3
    Orc: D:9-12

Altars:
Ashenzari
Fedhas
Gozag
Kikubaaqudgha
Makhleb
Sif Muna
Vehumet
Zin
Lugonu

Shops:
D:1 [   D:2 ?   D:5 (

Portals:
Abyss: Lair:1

Annotations:
D:5 3 runed translucent doors, SkeletonJelly's ghost, novice DrMo
D:10 exclusion: orange crystal statue


Innate Abilities, Weirdness & Mutations

You are too large for most types of armour.
You have claws for hands.
Your natural rate of healing is unusually fast.
You are covered in fur. (AC +1)
You have tough skin. (AC +1)


Message History

The seven-headed hydra grows two more!
You mangle the nine-headed hydra!!
The nine-headed hydra is almost dead.
The nine-headed hydra bites you.
The nine-headed hydra bites you but does no damage.
You block the nine-headed hydra's attack.
The nine-headed hydra bites you!
You block the nine-headed hydra's attack.
The nine-headed hydra bites you!
The nine-headed hydra barely misses you. x2
The nine-headed hydra bites you.
You take 28 damage, and have 47/120 hp.
MASSIVE DAMAGE!!
You rip one of the nine-headed hydra's heads off!
The eight-headed hydra grows two more!
You claw the ten-headed hydra!
The ten-headed hydra is almost dead.
The ten-headed hydra bites you!
The ten-headed hydra bites you but does no damage.
The ten-headed hydra bites you!
* * * LOW HITPOINT WARNING * * *
You block the ten-headed hydra's attack.
The ten-headed hydra barely misses you. The ten-headed hydra bites you!
* * * LOW HITPOINT WARNING * * *
The ten-headed hydra bites you!
* * * LOW HITPOINT WARNING * * *
You block the ten-headed hydra's attack.
The ten-headed hydra bites you.
* * * LOW HITPOINT WARNING * * *
The ten-headed hydra bites you but does no damage.
You take 43 damage, and have 4/120 hp.
MASSIVE DAMAGE!!
You scratch the ten-headed hydra but do no damage.
The ten-headed hydra is almost dead.
You claw one of the ten-headed hydra's heads off!
The nine-headed hydra grows two more!
You claw the 11-headed hydra!
The 11-headed hydra is almost dead.
The 11-headed hydra bites you but does no damage.
The 11-headed hydra bites you.
* * * LOW HITPOINT WARNING * * *
You block the 11-headed hydra's attack.
The 11-headed hydra bites you but does no damage.
You block the 11-headed hydra's attack. The 11-headed hydra bites you!
You die...

### ######## #.###.##...##
..........#.######
..##.#...........#
#.####......##..# #####
.#####.##..##.#.###.#.#
..##..>.##.....#.รท...##
............#.....##.### ########
.............<)D@.##...###...#.#.
...#.....#...#..#...............#
...##.......###.#.P###.##P.P.#...
............#P..#..############..
.##...............#...##.##.# #..
.##...##....##.##..........## #<#
.##..###^#..######.#P.###..# #.#
.##.#..#.#.## ####.# ##.# #.#
...........# ### #..# ##.P


You could see a 11-headed hydra.

Vanquished Creatures
  Fannar (Lair:1)
  Erica (D:8)
  2 two-headed ogres
  Amaemon (Lair:1)
  An orc knight (Bailey)
  2 ugly things (D:11)
  Joseph (Lair:1)
  An orange demon (Lair:1)
  3 komodo dragons
  3 kobold demonologists
  An unseen horror (D:10)
  A rime drake (Lair:2)
  A troll (D:9)
  A polar bear (Lair:2)
  Grinder (D:5)
  2 blink frogs (Lair:1)
  Prince Ribbit (D:5)
  Sigmund (D:3)
  2 shadows
  A water elemental (D:11)
  A wyvern (D:10)
  A vampire (D:10)
  19 yaks
  2 basilisks
  A steam dragon (D:8)
  7 vampire mosquitoes
  Menkaure (D:5)
  An acid dragon (D:11)
  9 water moccasins
  2 ice beasts
  4 orc warriors
  4 black bears
  3 ogres
  A centaur (D:4)
  2 phantoms (D:5)
  3 kobold brigands
  Blork the orc (D:4)
  5 bullfrogs
  3 gnoll sergeants
  3 scorpions
  6 killer bees (D:8)
  5 electric eels (D:11)
  10 howler monkeys
  2 gnoll boudas
  3 jellies (D:5)
  4 hounds
  2 orc priests
  2 sleepcaps (D:6)
  4 iguanas
  Ijyb (D:4)
  9 orc wizards
  26 gnolls
  3 adders
  2 white imps
  An ufetubus (D:5)
  A worm (D:2)
  4 dart slugs
  31 orcs
  8 ball pythons
  8 endoplasms
  2 giant cockroaches (D:2)
  13 goblins
  11 hobgoblins
  4 quokkas
  2 bats (D:1)
  3 frilled lizards
  28 kobolds
  5 rats
  2 lurking horrors (Lair:1)
303 creatures vanquished.

Vanquished Creatures (others)
  48 fungi
  41 plants
89 creatures vanquished.

Grand Total: 392 creatures vanquished

Notes
Turn   | Place    | Note
-------+----------+-------------------------------------------
     0 | D:1      | jasper the Troll Cinder Acolyte began the quest for the
                  | Orb.
     0 | D:1      | Reached XP level 1. HP: 22/22 MP: 1/1
    53 | D:1      | Found Eddanu's Armour Shoppe.
   112 | D:1      | Reached XP level 2. HP: 29/29 MP: 2/2
   500 | D:1      | Reached XP level 3. HP: 34/36 MP: 3/3
   891 | D:2      | Found Seewosoil's Magic Scroll Shop.
   903 | D:2      | Reached skill level 1 in Dodging
   922 | D:2      | Bought a scroll of identify for 28 gold pieces
  1265 | D:2      | Reached skill level 4 in Unarmed Combat
  1402 | D:3      | Reached XP level 4. HP: 33/44 MP: 4/4
  1571 | D:3      | Noticed Sigmund
  1592 | D:3      | Killed Sigmund
  1593 | D:3      | Reached skill level 5 in Unarmed Combat
  1593 | D:3      | Reached XP level 5. HP: 49/53 MP: 5/5
  1593 | D:3      | Reached XP level 6. HP: 57/61 MP: 6/6
  1815 | D:3      | Identified the +0 chain mail of Fedhas's Regard {rN+}
  2449 | D:4      | Noticed Ijyb
  2457 | D:4      | Reached XP level 7. HP: 32/68 MP: 7/7
  2463 | D:4      | Killed Ijyb
  2464 | D:4      | Reached skill level 6 in Unarmed Combat
  2915 | D:4      | Reached skill level 1 in Throwing
  2927 | D:4      | Identified the +1 cloak of Elelo {rC+ rCorr MP-9 SInv}
  2968 | D:4      | Noticed Blork the orc
  2978 | D:4      | Killed Blork the orc
  3180 | D:5      | Entered Level 5 of the Dungeon
  3207 | D:5      | Noticed Prince Ribbit
  3222 | D:5      | Killed Prince Ribbit
  3306 | D:5      | Reached XP level 8. HP: 53/79 MP: 0/8
  3342 | D:5      | Reached skill level 7 in Unarmed Combat
  3398 | D:5      | Found a runed translucent gate.
  3399 | D:5      | Found an opulent altar of Gozag.
  3400 | D:5      | Found a runed translucent gate.
  3400 | D:5      | Found a runed translucent gate.
  3402 | D:5      | Noticed SkeletonJelly's ghost (novice DrMo)
  3477 | D:5      | Noticed Menkaure
  3478 | D:5      | Noticed Grinder
  3492 | D:5      | Killed Menkaure
  3510 | D:5      | Paralysed by Grinder for 2 turns
  3530 | D:5      | Paralysed by Grinder for 2 turns
  3559 | D:5      | Paralysed by Grinder for 5 turns
  3573 | D:5      | Killed Grinder
  3574 | D:5      | Reached skill level 8 in Unarmed Combat
  3653 | D:5      | Found Igylisk's Weapon Emporium.
  3662 | D:5      | Reached skill level 5 in Fighting
  3698 | D:5      | Reached XP level 9. HP: 72/88 MP: 0/9
  4208 | D:6      | Found a staircase to the Ecumenical Temple.
  4472 | D:6      | Reached skill level 9 in Unarmed Combat
  5105 | D:7      | Found a flagged portal.
  5145 | D:7      | Reached skill level 5 in Dodging
  5167 | Bailey   | Entered a bailey
  5286 | Bailey   | Noticed an orc knight
  5444 | Bailey   | Killed an orc knight
  5825 | D:7      | Noticed a kobold demonologist
  5833 | D:7      | Noticed a red devil
  5842 | D:7      | Noticed a smoke demon
  5844 | D:7      | Killed a kobold demonologist
  5845 | D:7      | Reached XP level 10. HP: 14/98 MP: 1/10
  5993 | D:7      | Reached skill level 10 in Unarmed Combat
  6276 | D:7      | Reached skill level 5 in Throwing
  6548 | D:8      | Noticed Erica
  6559 | D:8      | Killed Erica
  6967 | D:8      | Found a radiant altar of Vehumet.
  6970 | D:8      | Found a broken altar of Ashenzari.
  6984 | D:8      | Found an ancient bone altar of Kikubaaqudgha.
  6987 | D:8      | Found an opulent altar of Gozag.
  6989 | D:8      | Found a burning altar of Makhleb.
  6994 | D:8      | Found a glowing silver altar of Zin.
  7989 | D:9      | Reached skill level 11 in Unarmed Combat
  8089 | D:10     | Entered Level 10 of the Dungeon
  8122 | D:10     | Found a blossoming altar of Fedhas.
  8293 | D:10     | Reached XP level 11. HP: 109/109 MP: 2/11
  8330 | D:10     | Noticed an orange crystal statue
  8342 | D:10     | Noticed a two-headed ogre
  8351 | D:10     | Killed a two-headed ogre
  8518 | D:10     | Reached skill level 12 in Unarmed Combat
  8704 | D:10     | Found a shimmering blue altar of Sif Muna.
  9159 | D:11     | Noticed a red ugly thing
  9160 | D:11     | Noticed a green ugly thing
  9180 | D:11     | Killed a green ugly thing
  9184 | D:11     | Killed a green ugly thing
  9199 | D:11     | Found a staircase to the Lair.
  9248 | D:11     | Noticed a two-headed ogre
  9254 | D:11     | Killed a two-headed ogre
  9532 | D:11     | Noticed a sun demon
 10035 | Lair:1   | Entered Level 1 of the Lair of Beasts
 10126 | Lair:1   | Found a corrupted altar of Lugonu.
 10129 | Lair:1   | Found a one-way gate to the infinite horrors of the Abyss.
 10134 | Lair:1   | Identified the +7 flail of Uncertain Death {heavy, Str+6}
 10278 | Lair:1   | Reached skill level 13 in Unarmed Combat
 10340 | Lair:1   | Noticed Fannar
 10342 | Lair:1   | Noticed Joseph
 10356 | Lair:1   | Killed Fannar
 10357 | Lair:1   | Reached XP level 12. HP: 80/119 MP: 3/12
 10362 | Lair:1   | Killed Joseph
 10762 | Lair:1   | Noticed Amaemon
 10769 | Lair:1   | Killed Amaemon
 11116 | Lair:2   | Noticed a five-headed hydra
 11544 | Lair:2   | HP: 4/120 [ten-headed hydra (4)]
 11546 | Lair:2   | Mangled by an 11-headed hydra

Illustrated notes

Levels and vault maps discovered:
D:1:      shiori_arrival_oz, layout_basic, serial_shops, nicolae_shop_crystal
D:2:      layout_basic, serial_shops, nicolae_shop_crystal,
          wander_ebering_terrifying_dragon_lair
D:3:      layout_loops_ring, uniq_sigmund
D:4:      layout_layer_cave, hex_large, uniq_blork_the_orc, uniq_ijyb
D:5:      cheibrodos_barr_body, layout_rooms, ebering_ghost_gozag, serial_shops,
          nicolae_square_shop, kennysheep_path_1, uniq_grinder, uniq_menkaure,
          uniq_prince_ribbit1
D:6:      layout_basic, minmay_temple_entry_slanted, serial_bayou_crossing
D:7:      layout_loops_ring, enter_bailey_2
D:8:      layout_basic, nicolae_overflow_hallway_of_the_gods, uniq_erica
D:9:      layout_basic
D:10:     layout_big_octagon, mainiacjoe_overflow_alcove_1, fedhas_altar_1,
          minivault_16
D:11:     layout_basic, due_lair_maze_entry_diamond,
          hangedman_abyss_or_decor_passed
Lair:1:   layout_cave_pods, amcnicky_altar_lugonu_corruption,
          grunt_megastairs_5, uniq_joseph, uniq_fannar, uniq_amaemon
Lair:2:   layout_loops_ring, nicolae_shoals_entry_roost,
          nicolae_spider_entry_lesser_pyramids, uniq_gastronok

Skill      XL: |  1  2  3  4  5  6  7  8  9 10 11 |
---------------+----------------------------------+-----
Dodging        | 1 2 3 4 5 6 7 |  7.8
Unarmed Combat | 4 5 6 8 9 11 13 | 13.4
Fighting       | 3 4 5 6 7 8 |  8.2
Throwing       | 2 3 4 6 7 |  7.8
Shields        | |  0.6
Spellcasting   | |  1.0
Fire Magic     | |  2.1

Action                     |  1- 3 |  4- 6 |  7- 9 | 10-12 || total
---------------------------+-------+-------+-------+-------++-------
  Melee: Unarmed           |   103 |    91 |   334 |   443 ||   971
         Punch             |     2 |     2 |    14 |    22 ||    40
         Giant spiked club |       |       |       |     2 ||     2
  Throw: Stone             |     7 |     4 |    35 |       ||    46
         Dart              |       |       |     2 |       ||     2
         Boomerang         |       |       |    25 |    97 ||   122
 Invoke: Fiery Armour      |       |     1 |     2 |     2 ||     5
  Evoke: Wand              |       |       |     3 |    24 ||    27
    Use: Scroll            |    10 |     4 |     7 |     9 ||    30
         Potion            |       |     3 |     3 |     4 ||    10
   Stab: Paralysed         |       |       |     1 |       ||     1
         Invisible         |       |       |     3 |     3 ||     6
 Armour: Robe              |    30 |    43 |    97 |    12 ||   182
         Steam dragon scal |       |       |       |   126 ||   126
  Dodge: Dodged            |    40 |    21 |   163 |   203 ||   427
  Block: Kite shield       |       |       |       |    13 ||    13

Table legend: (Time is in decaauts)
 A = Elapsed time spent in this place.
 B = Non-inter-level travel time spent in this place.
 C = Inter-level travel time spent in this place.
 D = Time resting spent in this place.
 E = Time spent auto-exploring this place.
 F = Levels seen in this place.
 G = Mean time per level.
                   A        B        C        D        E       F      G
               +--------+--------+--------+--------+--------+-----+--------+
         Total |  11384 |  10916 |    468 |    568 |   8002 |  14 |  813.1 |
       Dungeon |   9341 |   8980 |    361 |    195 |   6860 |  11 |  849.2 |
          Lair |   1498 |   1392 |    106 |    267 |    891 |   2 |  749.0 |
        Bailey |    544 |    544 |      0 |    106 |    251 |   1 |  544.0 |
               +--------+--------+--------+--------+--------+-----+--------+

Top non-repeatable levels by time:
  Lair:1: 1176 daAuts
     D:4: 1077 daAuts
    D:11: 1066 daAuts
     D:8: 943 daAuts
     D:5: 913 daAuts
     D:7: 894 daAuts
     D:1: 887 daAuts
     D:6: 856 daAuts
    D:10: 829 daAuts
     D:3: 709 daAuts
     D:9: 678 daAuts
  Bailey: 544 daAuts
     D:2: 487 daAuts
  Lair:2: 321 daAuts
